[Event "Kaufbeuren 2007 Gruppe B"]
[Site "Kaufbeuren"]
[Date "2005.10.20"]
[Round "8"]
[White "Amsterdam, Mephisto"]
[Black "Super Forte C 5 MHz , Novag"]
[Result "1-0"]
[ECO "D25"]
[WhiteElo "1943"]
[BlackElo "1971"]
[PlyCount "144"]
[EventDate "2007.10.20"]
[EventType "tourn"]
[EventCountry "GER"]
[SourceDate "2007.10.20"]
[TimeControl "40/300:0"]

1. Nf3 Nf6 2. d4 d5 3. c4 dxc4 4. e3 Bg4 5. Bxc4 e6 6. h3 Bh5 7. Nc3 Nbd7 8.
O-O Bd6 9. e4 e5 10. Be3 O-O 11. Re1 Re8 12. Qb3 exd4 13. Bxd4 c5 14. Bxf6 Qxf6
15. Qxb7 Ne5 16. Nxe5 Qxe5 17. Kf1 Qh2 18. f3 Bg3 19. Ne2 Qh1+ 20. Ng1 Bxe1 21.
Rxe1 Rab8 22. Qd7 Rf8 23. b3 Rbd8 24. Qxa7 Rd2 25. Be2 Rc8 26. Qa5 Rc2 27. Rd1
Re8 28. Qa4 Rb8 29. Qa6 h6 30. Qd6 Ra8 31. a4 Rxe2 32. Kxe2 Qxg2+ 33. Ke3 Qc2
34. Qd3 Qh2 35. Qd2 Qb8 36. Qd5 Bg6 37. Ne2 Kh8 38. Nf4 Ra7 39. Nxg6+ fxg6 40.
f4 Qf8 41. Rd3 Kh7 42. Rc3 Ra5 43. Qd7 Qf6 44. e5 Qh4 45. Kf3 Qe1 46. Rc2 Qf1+
47. Rf2 Qb1 48. Qf7 Qf5 49. Qxf5 gxf5 50. e6 Kg8 51. Re2 Kf8 52. e7+ Ke8 53.
Re5 g6 54. h4 Ra7 55. Rxc5 Kxe7 56. a5 Rb7 57. Rc3 Kd6 58. Ke2 Kd5 59. Re3 Kc5
60. Re6 Rxb3 61. Rxg6 Ra3 62. a6 Kd5 63. Rxh6 Ke4 64. h5 Ra2+ 65. Kd1 Kxf4 66.
Rg6 Ke3 67. h6 Rd2+ 68. Ke1 Rd7 69. Rg7 Rd8 70. h7 Rh8 71. a7 Rc8 72. Rg3+ Ke4
1-0

[Event "Kaufbeuren 2007 Gruppe B"]
[Site "Kaufbeuren"]
[Date "2007.10.20"]
[Round "2"]
[White "Designer 2265, Fidelity"]
[Black "MM V, Mephisto"]
[Result "0-1"]
[ECO "E59"]
[WhiteElo "2023"]
[BlackElo "2003"]
[PlyCount "68"]
[EventDate "2007.10.20"]
[EventType "tourn"]
[EventCountry "GER"]
[SourceDate "2007.10.20"]
[TimeControl "40/7200:20/3600:0"]

1. d4 Nf6 2. c4 e6 3. Nc3 Bb4 4. e3 O-O 5. Nf3 d5 6. Bd3 c5 7. O-O Nc6 8. a3
Bxc3 9. bxc3 dxc4 10. Bxc4 Qc7 11. Ba2 b6 12. c4 Ba6 13. dxc5 bxc5 14. Qa4 Bb7
15. Rb1 Ne7 16. Rd1 Bc6 17. Qb3 Ng4 18. Rb2 Rab8 19. Qc3 Bxf3 20. gxf3 Qxh2+
21. Kf1 Rbd8 22. Rbd2 Nxf2 23. Rxd8 Nxd1 24. Rxf8+ Kxf8 25. Qd2 Nxe3+ 26. Qxe3
Qxa2 27. Qxc5 Qb1 28. Qe3 Qc2 29. Bd2 Qxc4+ 30. Kf2 Nc6 31. Qe4 Qxe4 32. fxe4
f5 33. exf5 exf5 34. Kf3 Nd4+ 0-1

[Event "Kaufbeuren 2007 Gruppe B"]
[Site "Kaufbeuren"]
[Date "2005.10.20"]
[Round "5"]
[White "Designer 2265, Fidelity"]
[Black "Super Forte C 5 MHz , Novag"]
[Result "0-1"]
[ECO "E55"]
[WhiteElo "2023"]
[BlackElo "1971"]
[PlyCount "186"]
[EventDate "2007.10.20"]
[EventType "tourn"]
[EventCountry "GER"]
[SourceDate "2007.10.20"]
[TimeControl "40/300:0"]

1. d4 Nf6 2. c4 e6 3. Nc3 Bb4 4. e3 O-O 5. Nf3 d5 6. Bd3 c5 7. O-O dxc4 8. Bxc4
Nbd7 9. Qe2 b6 10. Rd1 cxd4 11. exd4 Bb7 12. d5 Bxc3 13. dxe6 Bxf3 14. gxf3
fxe6 15. bxc3 Qc7 16. Bxe6+ Kh8 17. Be3 Nc5 18. Bd5 Nxd5 19. Rxd5 Ne6 20. Re1
Rf6 21. Bd2 Nf4 22. Bxf4 Rxf4 23. Qe7 Rf7 24. Qxc7 Rxc7 25. Re3 Kg8 26. Kg2
Rac8 27. Rdd3 Kf7 28. f4 g6 29. Kh3 Rg8 30. Rf3 Kf6 31. Kg4 Rf8 32. Rd6+ Ke7
33. Rd1 Rf5 34. Kg3 Kf6 35. Re3 Ra5 36. Rd2 Ra3 37. f3 Rc6 38. Rc2 Rc5 39. h3
Rc7 40. Rd3 Ra5 41. Rcd2 Rac5 42. Re3 R5c6 43. Rdd3 Kf5 44. a3 Kf6 45. Rd5 Rc4
46. Rd4 R4c6 47. Kg4 Rc5 48. h4 h5+ 49. Kg3 R7c6 50. Rd7 Rc7 51. Ree7 Rxd7 52.
Rxd7 Ra5 53. Rd6+ Kf5 54. c4 Rxa3 55. Rd5+ Kf6 56. Rd6+ Kf7 57. Kf2 Kg7 58. Rc6
Rc3 59. Rc7+ Kf6 60. Rxa7 Rxc4 61. Rb7 Rb4 62. Ke3 b5 63. Rb8 Kf5 64. Rf8+ Ke6
65. Rb8 Rb1 66. Rg8 Kf7 67. Rb8 b4 68. Rb7+ Ke6 69. Rb6+ Kd5 70. Rxg6 Rb3+ 71.
Kf2 Rb2+ 72. Kg3 b3 73. Rh6 Rc2 74. Rxh5+ Kc6 75. Rh8 Kc7 76. Rh7+ Kc6 77. Rh6+
Kc7 78. Re6 b2 79. Re7+ Kb8 80. Re8+ Rc8 81. Re1 Rc1 82. Re8+ Kc7 83. Re7+ Kc6
84. Re6+ Kd5 85. Rb6 b1=Q 86. Rxb1 Rxb1 87. h5 Ke6 88. Kg4 Rh1 89. Kg5 Rg1+ 90.
Kh6 Kf5 91. Kh7 Rg3 92. Kh8 Rh3 93. Kg7 Rxh5 0-1

[Event "Kaufbeuren 2007 Gruppe B"]
[Site "Kaufbeuren"]
[Date "2007.10.20"]
[Round "5"]
[White "MM V, Mephisto"]
[Black "Amsterdam, Mephisto"]
[Result "1-0"]
[ECO "C54"]
[WhiteElo "2003"]
[BlackElo "1943"]
[PlyCount "55"]
[EventDate "2007.10.20"]
[EventType "tourn"]
[EventCountry "GER"]
[SourceDate "2007.10.20"]
[TimeControl "40/7200:20/3600:0"]

1. e4 e5 2. Nf3 Nc6 3. Bc4 Bc5 4. c3 Nf6 5. d4 exd4 6. cxd4 Bb4+ 7. Bd2 Bxd2+
8. Nbxd2 d5 9. exd5 Nxd5 10. Qb3 Na5 11. Qa4+ Nc6 12. Qb3 Na5 13. Qa4+ c6 14.
Qa3 Be6 15. O-O b6 16. Rae1 h6 17. Ne5 a6 18. b3 Ra7 19. Ne4 Qc7 20. f4 Kd8 21.
f5 Bc8 22. Nd6 Nxc4 23. bxc4 f6 24. Ndf7+ Ke8 25. cxd5 fxe5 26. Nxh8 Qd8 27.
Rxe5+ Kd7 28. d6 1-0

[Event "Kaufbeuren 2007 Gruppe B"]
[Site "Kaufbeuren"]
[Date "2007.10.20"]
[Round "1"]
[White "MM V, Mephisto"]
[Black "Diablo 68000, Novag"]
[Result "0-1"]
[ECO "B08"]
[WhiteElo "2003"]
[BlackElo "2059"]
[PlyCount "107"]
[EventDate "2007.10.20"]
[EventType "tourn"]
[EventCountry "GER"]
[SourceDate "2007.10.20"]
[TimeControl "40/7200:20/3600:0"]

1. e4 c6 2. d4 g6 3. Nc3 Bg7 4. Bc4 d6 5. Nf3 Nf6 6. Bf4 O-O 7. O-O d5 8. Bd3
Bg4 9. e5 Nh5 10. Be3 f6 11. exf6 Nxf6 12. h3 Bxf3 13. Qxf3 Nbd7 14. Qe2 Qc7
15. Rae1 e5 16. dxe5 Nxe5 17. Bd4 Nfd7 18. Qe3 Rae8 19. Bxe5 Bxe5 20. Qxa7 Ra8
21. Qe3 d4 22. Bc4+ Kh8 23. Qd3 dxc3 24. bxc3 Rae8 25. g3 b5 26. Bb3 Bg7 27. f4
Nc5 28. Qf3 Qd7 29. Rxe8 Rxe8 30. f5 gxf5 31. Rd1 Qc7 32. c4 b4 33. Kg2 Qe7 34.
Rf1 Qe2+ 35. Rf2 Qxf3+ 36. Rxf3 Rf8 37. Re3 Bf6 38. Kf3 Kg7 39. Re1 Kf7 40. g4
fxg4+ 41. Kxg4 Rg8+ 42. Kf3 Bh4 43. Rh1 Ke6 44. Ke3 Rg2 45. Kf3 Rf2+ 46. Kg4
Bf6 47. Rc1 Ne4 48. Re1 Ke5 49. h4 Rf4+ 50. Kh3 Bxh4 51. Re3 Bf2 52. Rd3 Bd4
53. Kh2 Rf2+ 54. Kh1 0-1

[Event "Kaufbeuren 2007 Gruppe B"]
[Site "Kaufbeuren"]
[Date "2007.10.20"]
[Round "7"]
[White "MM V, Mephisto"]
[Black "Genesis, Millennium"]
[Result "1-0"]
[ECO "B08"]
[WhiteElo "2003"]
[BlackElo "1895"]
[PlyCount "81"]
[EventDate "2007.10.20"]
[EventType "tourn"]
[EventCountry "GER"]
[SourceDate "2007.10.20"]
[TimeControl "40/7200:20/3600:0"]

1. e4 d6 2. d4 Nf6 3. Nc3 g6 4. Nf3 Bg7 5. h3 O-O 6. Be3 c6 7. a4 Qb6 8. b3 e6
9. a5 Qb4 10. Bd2 d5 11. e5 Qe7 12. exf6 Bxf6 13. Be2 c5 14. dxc5 Qxc5 15. b4
Qc6 16. b5 Qc7 17. Ra3 Qc5 18. Qc1 Be7 19. Nb1 a6 20. Rc3 Qd6 21. Bh6 Rd8 22.
bxa6 Bf6 23. Ra3 Nxa6 24. O-O Bd7 25. Ng5 Be5 26. Qd2 Bh2+ 27. Kh1 Bf4 28. Qd4
e5 29. Qb6 Qxb6 30. axb6 Bf5 31. g3 Bxg5 32. Bxg5 Rdc8 33. Bxa6 Rxa6 34. Rxa6
bxa6 35. Na3 Bxh3 36. Re1 e4 37. Bf4 g5 38. Bd6 Rc6 39. b7 Rb6 40. Rb1 Rxb7 41.
Rxb7 1-0

[Event "Kaufbeuren 2007 Gruppe B"]
[Site "Kaufbeuren"]
[Date "2007.10.20"]
[Round "3"]
[White "MM V, Mephisto"]
[Black "Super Forte C 5 MHz , Novag"]
[Result "1-0"]
[ECO "C54"]
[WhiteElo "2003"]
[BlackElo "1971"]
[PlyCount "101"]
[EventDate "2007.10.20"]
[EventType "tourn"]
[EventCountry "GER"]
[SourceDate "2007.10.20"]
[TimeControl "40/7200:20/3600:0"]

1. e4 e5 2. Nf3 Nc6 3. Bc4 Bc5 4. c3 Nf6 5. d4 exd4 6. cxd4 Bb4+ 7. Bd2 Bxd2+
8. Nbxd2 d5 9. exd5 Nxd5 10. Qb3 Nce7 11. O-O O-O 12. Rfe1 c6 13. Ne4 Kh8 14.
Rac1 f6 15. Ng3 Nf4 16. a4 Ned5 17. h3 Re8 18. Rxe8+ Qxe8 19. Re1 Qf7 20. Ne4
Be6 21. Nd6 Qc7 22. Qxb7 Qxb7 23. Nxb7 Bg8 24. Na5 Rc8 25. Ba6 Rb8 26. b3 Nb4
27. Bc4 a6 28. Bxg8 Kxg8 29. Re7 Nfd5 30. Rd7 h6 31. Nxc6 Nxc6 32. Rxd5 Rxb3
33. Rd6 Nb4 34. Rb6 Rb1+ 35. Kh2 a5 36. Rb5 Rf1 37. Rxa5 Rxf2 38. d5 Kf8 39. d6
Re2 40. Nd4 Re1 41. Rb5 Rd1 42. Rxb4 Ke8 43. a5 Kd7 44. Ra4 Rc1 45. a6 Rc8 46.
Nb5 Ra8 47. a7 g6 48. Nc7 Rh8 49. Rd4 f5 50. a8=Q Rxa8 51. Nxa8 1-0

[Event "Kaufbeuren 2007 Gruppe B"]
[Site "Kaufbeuren"]
[Date "2007.10.20"]
[Round "4"]
[White "Modena, Mephisto"]
[Black "MM V, Mephisto"]
[Result "0-1"]
[ECO "E11"]
[WhiteElo "1964"]
[BlackElo "2003"]
[PlyCount "116"]
[EventDate "2007.10.20"]
[EventType "tourn"]
[EventCountry "GER"]
[SourceDate "2007.10.20"]
[TimeControl "40/7200:20/3600:0"]

1. d4 d5 2. c4 e6 3. g3 Nf6 4. Bg2 c6 5. Nf3 Be7 6. Bf4 dxc4 7. O-O Nd5 8. Bxb8
Rxb8 9. e4 Nb6 10. Nc3 O-O 11. Ne5 c5 12. d5 Bf6 13. f4 Bxe5 14. fxe5 Qg5 15.
Na4 exd5 16. Nxb6 axb6 17. exd5 Qxe5 18. Qc2 Ra8 19. Rfe1 Qd4+ 20. Kh1 Qd3 21.
Qc1 Bf5 22. Rd1 Qc2 23. Qxc2 Bxc2 24. Rd2 Bd3 25. a3 Rfd8 26. Re1 b5 27. Kg1
Rd7 28. Kf2 b4 29. axb4 cxb4 30. g4 Kf8 31. Kg3 Ra6 32. Kf4 Rf6+ 33. Kg3 Re7
34. g5 Rf5 35. Rxe7 Kxe7 36. Kg4 f6 37. d6+ Ke6 38. gxf6 gxf6 39. d7 h5+ 40.
Kh4 Ke7 41. Kg3 Rg5+ 42. Kh4 Kxd7 43. Bxb7 Ke6 44. Bf3 Bg6 45. Re2+ Re5 46. Rg2
Bf7 47. Rc2 Kd6 48. Rd2+ Kc5 49. Rd7 Bg6 50. Rg7 Be8 51. Rc7+ Kd4 52. Rb7 Ke3
53. Bh1 c3 54. bxc3 bxc3 55. Rc7 Kd2 56. Rc8 Bg6 57. Ra8 c2 58. Rc8 Re3 0-1

[Event "Kaufbeuren 2007 Gruppe B"]
[Site "Kaufbeuren"]
[Date "2007.10.20"]
[Round "8"]
[White "Rebell 5.0 Prototyp, Mephisto"]
[Black "MM V, Mephisto"]
[Result "0-1"]
[ECO "D14"]
[WhiteElo "1875"]
[BlackElo "2003"]
[PlyCount "102"]
[EventDate "2007.10.20"]
[EventType "tourn"]
[EventCountry "GER"]
[SourceDate "2007.10.20"]
[TimeControl "40/7200:20/3600:0"]

1. d4 d5 2. Nf3 Nf6 3. c4 c6 4. cxd5 cxd5 5. Nc3 Nc6 6. Bf4 Bf5 7. e3 e6 8. Qb3
Bb4 9. Bb5 Qa5 10. O-O O-O 11. Nh4 Bxc3 12. bxc3 Be4 13. Be2 b6 14. f3 Bg6 15.
Nxg6 hxg6 16. Rae1 Nh5 17. Bd6 b5 18. Bxf8 Rxf8 19. g4 Nf6 20. Rb1 Rb8 21. Bd3
a6 22. Qc2 Rc8 23. g5 Nd7 24. Kh1 Ne7 25. Rbc1 Nb6 26. Qb2 Nc4 27. Qe2 Nb6 28.
e4 Na4 29. a3 Nxc3 30. Qb2 Rc6 31. Rc2 Na4 32. Qb3 Qd8 33. e5 Qb6 34. Rd1 Rxc2
35. Bxc2 Nc6 36. Bb1 Nxd4 37. Qe3 Nc6 38. Re1 Na5 39. Qc1 Nc4 40. Bd3 Qf2 41.
Rf1 Qb2 42. Bxc4 bxc4 43. Qxb2 Nxb2 44. f4 d4 45. Kg2 d3 46. Kf2 c3 47. h3 Nc4
48. f5 gxf5 49. g6 fxg6 50. Rc1 d2 51. Rxc3 d1=Q 0-1

[Event "Kaufbeuren 2007 Gruppe B"]
[Site "Kaufbeuren"]
[Date "2007.10.20"]
[Round "6"]
[White "Supermondial 2, Mephisto"]
[Black "MM V, Mephisto"]
[Result "1/2-1/2"]
[ECO "E59"]
[WhiteElo "1962"]
[BlackElo "2003"]
[PlyCount "105"]
[EventDate "2007.10.20"]
[EventType "tourn"]
[EventCountry "GER"]
[SourceDate "2007.10.20"]
[TimeControl "40/7200:20/3600:0"]

1. d4 Nf6 2. c4 e6 3. Nc3 Bb4 4. e3 O-O 5. Bd3 d5 6. Nf3 c5 7. O-O Nc6 8. a3
Bxc3 9. bxc3 dxc4 10. Bxc4 Qc7 11. Bb2 b6 12. dxc5 Na5 13. Bd3 Qxc5 14. a4 Nc4
15. Bxc4 Qxc4 16. Ne5 Qe4 17. Qf3 Qxf3 18. Nxf3 Rd8 19. a5 Ba6 20. Rfe1 Ne4 21.
axb6 axb6 22. Red1 Rxd1+ 23. Rxd1 Bb5 24. Rd4 Nc5 25. Rb4 Ra5 26. c4 Nd3 27.
Rxb5 Rxb5 28. cxb5 Nxb2 29. Ne5 f6 30. Nd7 Na4 31. h4 Kf7 32. Nb8 Ke7 33. Nc6+
Kd6 34. f4 Nc3 35. Nd4 g6 36. Kf2 e5 37. fxe5+ fxe5 38. Nf3 Nxb5 39. Ng5 h5 40.
Ke2 Nc7 41. e4 Nb5 42. Kd3 Nd4 43. Kc4 b5+ 44. Kb4 Kd7 45. Kc5 Ke7 46. Kb4 Kd6
47. Nf7+ Ke6 48. Ng5+ Ke7 49. Kc5 Ne2 50. Kxb5 Nd4+ 51. Kc4 Kf6 52. Kd3 Nb5 53.
Nf3 1/2-1/2